 Dungeon Crawl Stone Soup version 0.21.1-1-g345015f (console) character file.

79 tminei the Chopper (level 4, 0/41 HPs)
             Began as a Hill Orc Berserker on July 17, 2018.
             Was a Priest of Trog.
             Succumbed to an adder's poison
             ... on level 3 of the Dungeon.
             The game lasted 00:22:54 (2718 turns).

tminei the Chopper (Hill Orc Berserker)             Turns: 2718, Time: 00:22:55

Health: 0/41       AC:  6    Str: 20    XL:     4   Next: 38%
Magic:  4/4        EV: 12    Int:  7    God:    Trog [***...]
Gold:   111        SH:  0    Dex: 10    Spells: 3/3 levels left

rFire    . . .     SeeInvis .   j - +0 glaive
rCold    . . .     Gourm    .   (shield currently unavailable)
rNeg     . . .     Faith    +   b - +0 animal skin
rPois    .         Spirit   .   (no helmet)
rElec    .         Reflect  .   (no cloak)
rCorr    .         Harm     .   k - +0 pair of gloves
MR       .....                  (no boots)
Stlth    +.........             i - amulet of faith
HPRegen  0.13/turn              n - +3 ring of protection
MPRegen  0.09/turn              (no ring)

@: lethally poisoned (0 -> -13), berserk cooldown, slowed, very slow
A: no striking features
a: Berserk, Trog's Hand, Burn Spellbooks, Renounce Religion


You were on level 3 of the Dungeon.
You worshipped Trog.
Trog was most pleased with you.
You were hungry.

You visited 1 branch of the dungeon, and saw 3 of its levels.

You collected 111 gold pieces.

Inventory:

Hand Weapons
 a - a +0 hand axe
 j - a +0 glaive (weapon)
Missiles
 e - 65 arrows
 g - 19 sling bullets
 l - 68 stones (quivered)
 m - 6 bolts
 o - 21 poisoned needles
 p - 8 curare-tipped needles
Armour
 b - a +0 animal skin (worn)
 k - a +0 pair of gloves (worn)
Jewellery
 i - an amulet of faith (around neck)
 n - a +3 ring of protection (left hand)
Scrolls
 h - 4 scrolls of teleportation
 r - a scroll of random uselessness {unknown}
Potions
 d - a potion of lignification
 f - a potion of curing
Comestibles
 c - 3 rations


   Skills:
 * Level 4.4 Fighting
 * Level 5.4 Axes
 * Level 3.1 Armour
 - Level 1.6 Dodging


You had 3 spell levels left.
You didn't know any spells.

Dungeon Overview and Level Annotations

Branches:
Dungeon (3/15)

Altars:


Message History

You feel sick. The adder barely misses you.
The adder bites you but does no damage.
* * * LOW HITPOINT WARNING * * *
You feel sick. The adder bites you but does no damage.
The adder barely misses you. The adder bites you.
* * * LOW HITPOINT WARNING * * *
You are more poisoned.
The adder poisons you!
* * * LOW HITPOINT WARNING * * *
You feel sick. The adder bites you.
* * * LOW HITPOINT WARNING * * *
The adder bites you but does no damage.
You can move again.
You now have 4/41 hp.
* * * LOW HITPOINT WARNING * * *
You feel sick.
The adder appears out of thin air!
The adder barely misses you. The adder closely misses you.
You take 2 damage, and have 2/41 hp.
You die... Ї.Ї...Ї..Ї..?Ї Ї Ї............. ..Ї...........Ї .......Ї.Ї...ЇЇЇ ... ....... ../....ЇЇ ЇЇЇЇ

... .....Ї.ЇЇ...Ї...ЇЇЇ Ї..Ї ...
..%.......ЇЇЇЇ....ЇЇЇЇЇ<.ЇЇЇЇЇЇ..
Ї.......†.).S.@...)).......>...
.............SS..............Ї...
.......Ї.....[ЇЇ........ЇЇЇЇ.....
.....ЇЇЇ..........ЇЇЇЇ)ЇЇ Ї...
.ЇЇ?. ЇЇ........... .... .[. Ї.
.......Ї......ЇЇЇЇЇ Ї.. $
................ ЇЇ. Ї.
ЇЇ.............. ЇЇ


You could see 3 adders.

Vanquished Creatures
  An adder (D:2)
  An ooze (D:1)
  A worm (D:3)
  2 leopard geckos
  6 giant cockroaches
  7 goblins
  4 hobgoblins
  2 jackals (D:2)
  3 kobolds
  4 quokkas
  A ball python (D:1)
  13 bats
  7 frilled lizards
  8 rats
60 creatures vanquished.

Notes
Turn   | Place    | Note
-------+----------+-------------------------------------------
     0 | D:1      | tminei the Hill Orc Berserker began the quest for the Orb.
     0 | D:1      | Reached XP level 1. HP: 19/19 MP: 1/1
   207 | D:1      | Reached XP level 2. HP: 12/27 MP: 2/2
   904 | D:2      | Reached XP level 3. HP: 29/33 MP: 3/3
   957 | D:2      | Reached ** piety under Trog
  1155 | D:2      | Reached skill level 5 in Axes
  1880 | D:2      | Reached XP level 4. HP: 8/41 MP: 4/4
  2700 | D:3      | Reached *** piety under Trog
  2717 | D:3      | HP: 2/41 [poisoned by an adder]
  2718 | D:3      | Succumbed to an adder's poison

Skill      XL: |  1  2  3  4 |
---------------+-------------+-----
Fighting       | 4 |  4.4
Axes           | 5 |  5.4
Armour         | 3 |  3.1
Dodging        | |  1.6

Action                   |  1- 3 |  4- 6 || total
-------------------------+-------+-------++-------
Melee: Hand axe          |    93 |       ||    93
       Glaive            |    81 |    60 ||   141
Throw: Stone             |     1 |       ||     1
Invok: Berserk           |     1 |     1 ||     2
       Burn Spellbooks   |     1 |       ||     1
  Use: Scroll            |     6 |     1 ||     7
       Potion            |       |     2 ||     2
 Stab: Sleeping          |     2 |       ||     2
  Eat: Chunk             |     2 |     2 ||     4
       Ration            |     1 |       ||     1
Armor: Animal skin       |   101 |    51 ||   152
Dodge: Dodged            |   180 |    85 ||   265
